TOP OF THE 1ST |
University of Minnesota Golden Gophers batting - Pitching for University of Southern California Trojans : RHP Steve Depre
|
Pitching: RHP Steve Depre
|
|
Batting: RHB Ozzie Buendia
|
0-0: Ball 1-0: Swinging Strike 1-1: Ball 2-1: Foul Ball, location: 2F 2-2: Ball 3-2: Ground out U3 (Groundball, 3, EV 76.2 MPH)
|
Batting: RHB Jose Garrido
|
0-0: Ball 1-0: Swinging Strike 1-1: Ground out 5-3 (Groundball, 56, EV 88.1 MPH)
|
Batting: LHB Dick Shafer
|
0-0: Ball 1-0: Fly out, F8 (Flyball, 8LM, EV 88.1 MPH)
|
Top of the 1st over - 0 runs, 0 hits, 0 errors, 0 left on base; University of Minnesota 0 - University of Southern California 0 |
BOTTOM OF THE 1ST |
University of Southern California Trojans batting - Pitching for University of Minnesota Golden Gophers : RHP Nick Gonzalez
|
Pitching: RHP Nick Gonzalez
|
|
Batting: LHB Alonzo Catalan
|
0-0: Swinging Strike 0-1: Called Strike 0-2: Ball 1-2: Foul Ball, location: 2F 1-2: Ball 2-2: Foul Ball, location: 2F 2-2: Foul Ball, location: 2F 2-2: Ball 3-2: Ground out 4-3 (Groundball, 4, EV 86.2 MPH)
|
Batting: RHB Rick Acevedo
|
0-0: Ball 1-0: Called Strike 1-1: Ball 2-1: Foul Ball, location: 2F 2-2: Ball 3-2: Base on Balls
|
Batting: RHB Eric Baker
|
0-0: Ball Rick Acevedo steals 2nd base 1-0: Ground out 6-3 (Groundball, 6, EV 89.4 MPH)
|
Batting: LHB Eli Evenson
|
0-0: Ball 1-0: Swinging Strike 1-1: Ball 2-1: SINGLE (Groundball, 34D, EV 98.8 MPH) Rick Acevedo to third Runner from 3rd tries for Home, SAFE, throw by RF to home
|
Batting: SHB Jason Keys
|
0-0: Swinging Strike 0-1: Swinging Strike 0-2: Strikes out swinging
|
Bottom of the 1st over - 1 run, 1 hit, 0 errors, 1 left on base; University of Minnesota 0 - University of Southern California 1 |
TOP OF THE 2ND |
University of Minnesota Golden Gophers batting - Pitching for University of Southern California Trojans : RHP Steve Depre
|
Batting: LHB Jose Moncada
|
0-0: Ball 1-0: Swinging Strike 1-1: Foul Ball, location: 2F 1-2: Strikes out swinging
|
Batting: LHB Josh Rini
|
0-0: Ball 1-0: Called Strike 1-1: Called Strike 1-2: Foul Ball, location: 2F 1-2: Ball 2-2: SINGLE (Groundball, 34D, EV 100.6 MPH)
|
Batting: SHB Marty Kuehn
|
0-0: Called Strike 0-1: Foul Ball, location: 2F 0-2: Ball 1-2: Foul Ball, location: 2F 1-2: Ball 2-2: Foul Ball, location: 2F 2-2: Foul Ball, location: 2F 2-2: Fielders Choice at 2nd, 1-4 (Groundball, 15S, EV 65.0 MPH)
|
Batting: RHB Jarrod Strickhouser
|
0-0: Called Strike Marty Kuehn is caught stealing 2nd base 2-4
|
Top of the 2nd over - 0 runs, 1 hit, 0 errors, 0 left on base; University of Minnesota 0 - University of Southern California 1 |
BOTTOM OF THE 2ND |
University of Southern California Trojans batting - Pitching for University of Minnesota Golden Gophers : RHP Nick Gonzalez
|
Batting: RHB Bobby Basoco
|
0-0: Called Strike 0-1: Called Strike 0-2: Strikes out swinging
|
Batting: RHB Tri Kartini
|
0-0: Ball 1-0: Ground out 3-1 (Groundball, 34, EV 83.8 MPH)
|
Batting: RHB Jochen Schanz
|
0-0: Swinging Strike 0-1: Swinging Strike 0-2: Ball 1-2: Strikes out swinging
|
Bottom of the 2nd over - 0 runs, 0 hits, 0 errors, 0 left on base; University of Minnesota 0 - University of Southern California 1 |
TOP OF THE 3RD |
University of Minnesota Golden Gophers batting - Pitching for University of Southern California Trojans : RHP Steve Depre
|
Batting: RHB Jarrod Strickhouser
|
0-0: Called Strike 0-1: Called Strike 0-2: Ball 1-2: Foul Ball, location: 2F 1-2: SINGLE (Groundball, 6D, EV 95.0 MPH)
|
Batting: LHB Alex Villa
|
0-0: Called Strike 0-1: Foul Ball, location: 2F 0-2: Ball 1-2: Ball 2-2: Ball 3-2: Foul Ball, location: 2F 3-2: SINGLE (Line Drive, 7S, EV 103.1 MPH) Jarrod Strickhouser to second
|
Batting: LHB Ivan Villegas
|
0-0: Fly out, F7 (Flyball, 7D, EV 96.2 MPH)
|
Batting: RHB Ozzie Buendia
|
0-0: Called Strike 0-1: Ball 1-1: Foul Ball, location: 2F 1-2: Strikes out swinging
|
Batting: RHB Jose Garrido
|
0-0: SINGLE (Line Drive, 7S, EV 89.4 MPH) Jarrod Strickhouser to third Alex Villa to second Runner from 3rd tries for Home, SAFE, throw by LF to home
|
Batting: LHB Dick Shafer
|
0-0: Ground out 4-3 (Groundball, 4, EV 86.9 MPH)
|
Top of the 3rd over - 1 run, 3 hits, 0 errors, 2 left on base; University of Minnesota 1 - University of Southern California 1 |
BOTTOM OF THE 3RD |
University of Southern California Trojans batting - Pitching for University of Minnesota Golden Gophers : RHP Nick Gonzalez
|
Batting: RHB Jim Baltazar
|
0-0: Called Strike 0-1: Ball 1-1: Swinging Strike 1-2: Strikes out swinging
|
Batting: LHB Alonzo Catalan
|
0-0: Fly out, F4 (Line Drive, 4, EV 66.2 MPH)
|
Batting: RHB Rick Acevedo
|
0-0: Ball 1-0: Foul Ball, location: 2F 1-1: Called Strike 1-2: Ball 2-2: Foul Ball, location: 2F 2-2: Foul Ball, location: 2F 2-2: Reached on error, E6 (Groundball, 6, EV 110.6 MPH)
|
Batting: RHB Eric Baker
|
0-0: Swinging Strike 0-1: Ball Wild Pitch! Rick Acevedo to second 1-1: Ball 2-1: Ball 3-1: Foul Ball, location: 2F 3-2: SINGLE (Groundball, 6MD, EV 103.8 MPH) Rick Acevedo to third Runner from 3rd tries for Home, SAFE, throw by CF to home
|
Batting: LHB Eli Evenson
|
0-0: Foul Ball, location: 2F 0-1: Foul Ball, location: 2F 0-2: Fly out, F8 (Flyball, 8RXD, EV 79.4 MPH)
|
Bottom of the 3rd over - 1 run, 1 hit, 1 error, 1 left on base; University of Minnesota 1 - University of Southern California 2 |
TOP OF THE 4TH |
University of Minnesota Golden Gophers batting - Pitching for University of Southern California Trojans : RHP Steve Depre
|
Batting: LHB Jose Moncada
|
0-0: Ball 1-0: Foul Ball, location: 2F 1-1: Called Strike 1-2: Foul Ball, location: 2F 1-2: Ball 2-2: Ball 3-2: Strikes out swinging
|
Batting: LHB Josh Rini
|
0-0: Foul Ball, location: 2F 0-1: Foul Ball, location: 2F 0-2: Fly out, F7 (Flyball, 78D, EV 106.9 MPH)
|
Batting: SHB Marty Kuehn
|
0-0: Called Strike 0-1: Ground out 4-3 (Groundball, 4, EV 89.4 MPH)
|
Top of the 4th over - 0 runs, 0 hits, 0 errors, 0 left on base; University of Minnesota 1 - University of Southern California 2 |
BOTTOM OF THE 4TH |
University of Southern California Trojans batting - Pitching for University of Minnesota Golden Gophers : RHP Nick Gonzalez
|
Batting: SHB Jason Keys
|
0-0: Foul Ball, location: 2F 0-1: Ball 1-1: Foul Ball, location: 2F 1-2: Strikes out swinging
|
Batting: RHB Bobby Basoco
|
0-0: Called Strike 0-1: Foul Ball, location: 2F 0-2: SINGLE (Line Drive, 6D, EV 95.0 MPH)
|
Batting: RHB Tri Kartini
|
0-0: Swinging Strike 0-1: Foul Ball, location: 2F 0-2: Strikes out swinging
|
Batting: RHB Jochen Schanz
|
0-0: Called Strike 0-1: Called Strike 0-2: Strikes out swinging
|
Bottom of the 4th over - 0 runs, 1 hit, 0 errors, 1 left on base; University of Minnesota 1 - University of Southern California 2 |
TOP OF THE 5TH |
University of Minnesota Golden Gophers batting - Pitching for University of Southern California Trojans : RHP Steve Depre
|
Batting: RHB Jarrod Strickhouser
|
0-0: Ball 1-0: Ball 2-0: Called Strike 2-1: Foul Ball, location: 2F 2-2: Ball 3-2: Foul Ball, location: 2F 3-2: SINGLE (Groundball, 6MS, EV 65.0 MPH) (infield hit)
|
Batting: LHB Alex Villa
|
0-0: Fly out, F8 (Flyball, 78M, EV 88.1 MPH)
|
Batting: LHB Ivan Villegas
|
0-0: Called Strike 0-1: Ball Jarrod Strickhouser is caught stealing 2nd base 2-6 1-1: Foul Ball, location: 2F 1-2: Ground out 3-1 (Groundball, 34S, EV 88.8 MPH)
|
Top of the 5th over - 0 runs, 1 hit, 0 errors, 0 left on base; University of Minnesota 1 - University of Southern California 2 |
BOTTOM OF THE 5TH |
University of Southern California Trojans batting - Pitching for University of Minnesota Golden Gophers : RHP Nick Gonzalez
|
Batting: RHB Jim Baltazar
|
0-0: Foul Ball, location: 2F 0-1: Ball 1-1: Foul Ball, location: 2F 1-2: Ball 2-2: Strikes out looking
|
Batting: LHB Alonzo Catalan
|
0-0: Called Strike 0-1: SINGLE (Groundball, 4MD, EV 108.1 MPH)
|
Batting: RHB Rick Acevedo
|
0-0: Called Strike 0-1: Called Strike Alonzo Catalan steals 2nd base 0-2: Strikes out swinging
|
Batting: RHB Eric Baker
|
0-0: Ball 1-0: Swinging Strike 1-1: Called Strike 1-2: Ball 2-2: Ball 3-2: Base on Balls
|
Pitching: LHP Bing-zhong Sung
|
|
Batting: LHB Eli Evenson
|
0-0: Foul Ball, location: 2F 0-1: Ball 1-1: Ball 2-1: Foul Ball, location: 2F 2-2: Strikes out swinging
|
Bottom of the 5th over - 0 runs, 1 hit, 0 errors, 2 left on base; University of Minnesota 1 - University of Southern California 2 |
TOP OF THE 6TH |
University of Minnesota Golden Gophers batting - Pitching for University of Southern California Trojans : RHP Steve Depre
|
Batting: RHB Ozzie Buendia
|
0-0: Called Strike 0-1: Ball 1-1: SINGLE (Line Drive, 89S, EV 113.8 MPH)
|
Pitching: LHP Jaden Peay
|
|
Batting: RHB Jose Garrido
|
0-0: Called Strike 0-1: Foul Ball, location: 2F 0-2: Ball Wild Pitch! Ozzie Buendia to second 1-2: Ball 2-2: Ground out 4-3 (Groundball, 34, EV 85.0 MPH) Ozzie Buendia to third
|
Batting: LHB Dick Shafer
|
0-0: Ball 1-0: Foul Ball, location: 2F 1-1: Ball 2-1: Ball 3-1: Base on Balls
|
Batting: LHB Jose Moncada
|
Balk! Ozzie Buendia scores Dick Shafer to second 0-0: Ball 1-0: Ball 2-0: Swinging Strike 2-1: 2-RUN HOME RUN (Flyball, 9LD, EV 91.9 MPH), Distance : 341 ft
|
Batting: LHB Josh Rini
|
0-0: Called Strike 0-1: Ball 1-1: Ball 2-1: Foul Ball, location: 2F 2-2: Strikes out swinging
|
Batting: SHB Marty Kuehn
|
0-0: Foul Ball, location: 2F 0-1: Ball 1-1: Called Strike 1-2: Ball 2-2: Ball 3-2: Foul Ball, location: 2F 3-2: SINGLE (Flyball, 56D, EV 92.5 MPH)
|
Batting: RHB Jarrod Strickhouser
|
0-0: Ball 1-0: Foul Ball, location: 2F 1-1: Ball 2-1: Swinging Strike 2-2: Fly out, F6 (Line Drive, 6M, EV 83.1 MPH)
|
Top of the 6th over - 3 runs, 3 hits, 0 errors, 1 left on base; University of Minnesota 4 - University of Southern California 2 |
BOTTOM OF THE 6TH |
University of Southern California Trojans batting - Pitching for University of Minnesota Golden Gophers : LHP Bing-zhong Sung
|
Batting: SHB Jason Keys
|
0-0: Called Strike 0-1: Foul Ball, location: 2F 0-2: Ball 1-2: Ball 2-2: Foul Ball, location: 2F 2-2: Fly out, F7 (Flyball, 7, EV 91.9 MPH)
|
Batting: RHB Bobby Basoco
|
0-0: Called Strike 0-1: Ball 1-1: Ball 2-1: Foul Ball, location: 2F 2-2: Strikes out swinging
|
Batting: RHB Tri Kartini
|
0-0: Called Strike 0-1: Ball 1-1: Foul Ball, location: 2F 1-2: Ground out 5-3 (Groundball, 56, EV 80.6 MPH)
|
Bottom of the 6th over - 0 runs, 0 hits, 0 errors, 0 left on base; University of Minnesota 4 - University of Southern California 2 |
TOP OF THE 7TH |
University of Minnesota Golden Gophers batting - Pitching for University of Southern California Trojans : LHP Jaden Peay
|
Pitching: RHP Tyshawn Calvin
|
|
Batting: LHB Alex Villa
|
0-0: Ball 1-0: Swinging Strike 1-1: Ball 2-1: Foul Ball, location: 2F 2-2: Ball 3-2: Foul Ball, location: 2F 3-2: Strikes out swinging
|
Batting: LHB Ivan Villegas
|
0-0: Called Strike 0-1: Called Strike 0-2: Ball 1-2: SINGLE (Groundball, 34, EV 101.9 MPH)
|
Batting: RHB Ozzie Buendia
|
0-0: Fly out, F8 (Flyball, 8LD, EV 99.4 MPH)
|
Batting: RHB Jose Garrido
|
0-0: Ball 1-0: Called Strike 1-1: Ball 2-1: Ball 3-1: Swinging Strike 3-2: Foul Ball, location: 2F 3-2: Strikes out looking
|
Top of the 7th over - 0 runs, 1 hit, 0 errors, 1 left on base; University of Minnesota 4 - University of Southern California 2 |
BOTTOM OF THE 7TH |
University of Southern California Trojans batting - Pitching for University of Minnesota Golden Gophers : LHP Bing-zhong Sung
|
Pitching: RHP Eddie Young
|
|
Pinch Hitting: LHB Roger Kean
|
0-0: Called Strike 0-1: Ball 1-1: Ball 2-1: Ball 3-1: Called Strike 3-2: Fly out, F8 (Flyball, 8RD, EV 76.2 MPH)
|
Batting: RHB Jim Baltazar
|
0-0: Foul Ball, location: 2F 0-1: Called Strike 0-2: Foul Ball, location: 2F 0-2: Ground out 5-3 (Groundball, 56S, EV 81.9 MPH)
|
Batting: LHB Alonzo Catalan
|
0-0: Ball 1-0: Foul Ball, location: 2F 1-1: Ball 2-1: Ball 3-1: Base on Balls
|
Batting: RHB Rick Acevedo
|
0-0: Called Strike Alonzo Catalan steals 2nd, throwing error, E2 Alonzo Catalan to third 0-1: Swinging Strike 0-2: Foul Ball, location: 2F 0-2: Ball 1-2: Ball 2-2: Ball Wild Pitch! Alonzo Catalan scores 3-2: SOLO HOME RUN (Flyball, 7LD, EV 97.5 MPH), Distance : 363 ft
|
Batting: RHB Eric Baker
|
0-0: Swinging Strike 0-1: Ball 1-1: Ball 2-1: Ball 3-1: Ground out 4-3 (Groundball, 4, EV 85.6 MPH)
|
Bottom of the 7th over - 2 runs, 1 hit, 1 error, 0 left on base; University of Minnesota 4 - University of Southern California 4 |
TOP OF THE 8TH |
University of Minnesota Golden Gophers batting - Pitching for University of Southern California Trojans : RHP Tyshawn Calvin
|
Now at 2B: John Sandberg
|
|
Batting: LHB Dick Shafer
|
0-0: Called Strike 0-1: Ball 1-1: DOUBLE (Groundball, 3L, EV 106.9 MPH)
|
Batting: LHB Jose Moncada
|
0-0: Intentional Walk
|
Batting: LHB Josh Rini
|
0-0: Called Strike 0-1: Foul Ball, location: 2F 0-2: Foul Ball, location: 2F 0-2: Ball 1-2: Ball 2-2: Strikes out swinging
|
Batting: SHB Marty Kuehn
|
0-0: Bunt missed! 0-1: Ball 1-1: Ball 2-1: Bunt missed! 2-2: Ball 3-2: SINGLE (Groundball, 4MD, EV 96.2 MPH) Dick Shafer to third Jose Moncada to second
|
Batting: RHB Jarrod Strickhouser
|
0-0: Called Strike 0-1: Foul Ball, location: 2F 0-2: Strikes out swinging
|
Batting: LHB Alex Villa
|
0-0: Ball 1-0: Called Strike 1-1: Swinging Strike 1-2: Foul Ball, location: 2F 1-2: Ball 2-2: Ground out 4-3 (Groundball, 4, EV 103.8 MPH)
|
Top of the 8th over - 0 runs, 2 hits, 0 errors, 3 left on base; University of Minnesota 4 - University of Southern California 4 |
BOTTOM OF THE 8TH |
University of Southern California Trojans batting - Pitching for University of Minnesota Golden Gophers : RHP Eddie Young
|
Pitching: RHP John Roebuck
|
|
Batting: SHB Mhelter Daulong
|
0-0: Swinging Strike 0-1: Foul Ball, location: 2F 0-2: Ball 1-2: Ball 2-2: Foul Ball, location: 2F 2-2: DOUBLE (Flyball, 8RXD, EV 107.5 MPH)
|
Batting: SHB Jason Keys
|
0-0: Intentional Walk
|
Batting: RHB Bobby Basoco
|
0-0: Bunt missed! 0-1: Ball 1-1: Sac Bunt to 2L - play at first, batter OUT! 2-4 Mhelter Daulong to third Jason Keys to second
|
Batting: RHB Tri Kartini
|
0-0: Called Strike 0-1: Fly out, F8 (Flyball, 89M, EV 71.2 MPH) Runner from 3rd tags up, OUT at HOME! 8-2
|
Bottom of the 8th over - 0 runs, 1 hit, 0 errors, 1 left on base; University of Minnesota 4 - University of Southern California 4 |
TOP OF THE 9TH |
University of Minnesota Golden Gophers batting - Pitching for University of Southern California Trojans : RHP Tyshawn Calvin
|
Pitching: RHP Aaron Haver
|
|
Batting: LHB Ivan Villegas
|
0-0: Ground out 3-1 (Groundball, 34, EV 98.1 MPH)
|
Batting: RHB Ozzie Buendia
|
0-0: Ball 1-0: Called Strike 1-1: Called Strike 1-2: Strikes out swinging
|
Batting: RHB Jose Garrido
|
0-0: Ball 1-0: Ball 2-0: Ball 3-0: Base on Balls
|
Batting: LHB Dick Shafer
|
0-0: Ball 1-0: Called Strike 1-1: Ball 2-1: Ball 3-1: Base on Balls Jose Garrido to second
|
Batting: LHB Jose Moncada
|
0-0: Called Strike 0-1: Ball 1-1: Swinging Strike 1-2: Fly out, F8 (Flyball, 78M, EV 93.1 MPH)
|
Top of the 9th over - 0 runs, 0 hits, 0 errors, 2 left on base; University of Minnesota 4 - University of Southern California 4 |
BOTTOM OF THE 9TH |
University of Southern California Trojans batting - Pitching for University of Minnesota Golden Gophers : RHP John Roebuck
|
Batting: RHB John Sandberg
|
0-0: Ball 1-0: Ball 2-0: Called Strike 2-1: Foul Ball, location: 2F 2-2: Ball 3-2: DOUBLE (Line Drive, 7LS, EV 108.1 MPH)
|
Batting: RHB Jim Baltazar
|
0-0: Intentional Walk
|
Batting: LHB Alonzo Catalan
|
0-0: Foul Ball, location: 2F 0-1: Called Strike 0-2: Ball 1-2: Ball 2-2: Foul Ball, location: 2F 2-2: SINGLE (Groundball, 6S, EV 68.1 MPH) (infield hit) John Sandberg to third Jim Baltazar to second
|
Batting: RHB Rick Acevedo
|
0-0: Called Strike 0-1: Grounds into fielders choice 3-2 (Groundball, 3, EV 80.0 MPH) Jim Baltazar to third Alonzo Catalan to second
|
Batting: RHB Eric Baker
|
0-0: Swinging Strike 0-1: Ball 1-1: SINGLE (Groundball, 6MD, EV 100.0 MPH) Jim Baltazar scores
|
Bottom of the 9th over - 1 run, 3 hits, 0 errors, 2 left on base; University of Minnesota 4 - University of Southern California 5 |
|